 Dungeon Crawl Stone Soup version 0.28.0-62-gf88900778d (webtiles) character file.

Game seed: 13390874420975479219

363904 browni3141 the Impaler (level 23, 0/191 HPs)
             Began as a Human Enchanter on Feb 26, 2023.
             Was an Elder of Nemelex Xobeh.
             Slain by a titan (41 damage)
             ... on level 3 of the Depths on Feb 27, 2023.
             The game lasted 04:48:57 (78853 turns).

browni3141 the Impaler (Human Enchanter)           Turns: 78853, Time: 04:48:58

Health: 0/191      AC: 13    Str: 14    XL:     23   Next: 55%
Magic:  33/53      EV: 22    Int: 27    God:    Nemelex Xobeh [****..]
Gold:   1760       SH:  0    Dex: 20    Spells: 6/46 levels left

rFire   + . .      SeeInvis .   h - +9 scythe (vorpal)
rCold   + + +      Faith    .   (shield currently unavailable)
rNeg    . . .      Spirit   .   I - +4 robe of Augmentation {Str+4 Int+4 Dex+4}
rPois   .          Reflect  .   y - +1 helmet of Uskayaw's Whim {Will+ MP+9}
rElec   .          Harm     .   b - scarf {rC+ rF+}
rCorr   .          Rampage  .   d - +2 pair of gloves {Stlth+}
Will    +++..                   z - +1 pair of boots
Stlth   +++++.....              Y - amulet of Vitality {Regen+ HP+15}
HPRegen 1.21/turn               W - ring "Coxeak" {Fly rC++}
MPRegen 0.33/turn               H - ring "Puopapne" {+Blink Will+ MP+9}

@: about to teleport, flying, hasted, very quick
A: deformed body, low MP 1
}: 2/15 runes: decaying, gossamer
a: Renounce Religion, Evoke Blink, Draw Escape, Draw Destruction, Draw
Summoning, Triple Draw, Deal Four


You were on level 3 of the Depths.
You worshipped Nemelex Xobeh.
Nemelex Xobeh was greatly pleased with you.
You visited 8 branches of the dungeon, and saw 39 of its levels.
You also visited: Gauntlet and Volcano.

You collected 6442 gold pieces.
You spent 4682 gold pieces at shops.


Innate Abilities, Weirdness & Mutations

Armour fits poorly on your strangely shaped body.
Your magical capacity is low. (-10% MP)


   Skills:
 + Level 13.5 Fighting
 - Level 1.0 Short Blades
 - Level 20.4 Polearms
 - Level 8.4 Armour
 + Level 13.5 Dodging
 - Level 8.0 Stealth
 - Level 12.0 Spellcasting
 - Level 2.0 Conjurations
 - Level 15.0 Hexes
 - Level 4.0 Summonings
 - Level 7.0 Ice Magic
 + Level 17.5 Invocations
 - Level 10.0 Evocations


You had 6 spell levels left.
You knew the following spells:

 Your Spells              Type           Power      Damage    Failure   Level
b - Summon Ice Beast      Ice/Summ       45%        N/A       3%          4
c - Cause Fear            Hex            38%        N/A       1%          4
d - Tukima's Dance        Hex            77%        N/A       1%          3
f - Dazzling Flash        Conj/Hex       100%       N/A       1%          3
g - Summon Guardian Gole  Hex/Summ       61%        N/A       1%          3
m - Metabolic Englaciati  Hex/Ice        33%        N/A       1%          5
o - Confusing Touch       Hex            77%        N/A       1%          3
r - Inner Flame           Hex/Fire       54%        N/A       1%          3
z - Ensorcelled Hibernat  Hex/Ice        100%       N/A       1%          2
X - Frozen Ramparts       Ice            100%       1d12      1%          3
Y - Enfeeble              Hex            38%        N/A       6%          7

Your spell library contained the following spells:

 Spells                   Type           Power      Damage    Failure   Level
 Freeze                   Ice            100%       1d11      1%          1
 Summon Small Mammal      Summ           100%       N/A       1%          1
 Call Canine Familiar     Summ           37%        N/A       1%          3
 Ozocubu's Armour         Ice            52%        N/A       1%          3
 Foxfire                  Conj/Fire      84%        2x1d8     2%          1
 Animate Skeleton         Necr           32%        N/A       3%          1
 Apportation              Tloc           32%        N/A       3%          1
 Pain                     Necr           64%        1d7       3%          1
 Sandblast                Erth           32%        2d9       3%          1
 Static Discharge         Conj/Air       21%        N/A       3%          2
 Yara's Violent Unravell  Hex/Tmut       27%        3d12      4%          5
 Blink                    Tloc           32%        N/A       5%          2
 Corpse Rot               Necr/Air       32%        N/A       5%          2
 Passwall                 Tmut/Erth      13%        N/A       5%          2
 Poisonous Vapours        Pois/Air       32%        N/A       5%          2
 Hailstorm                Conj/Ice       40%        3d10      5%          4
 Conjure Flame            Conj/Fire      21%        6-21      7%          3
 Stone Arrow              Conj/Erth      42%        3d9       7%          3
 Ice Form                 Ice/Tmut       35%        N/A       9%          4
 Vampiric Draining        Necr           16%        2d7       11%         3
 Animate Armour           Summ/Erth      54%        N/A       16%         4
 Flame Wave               Conj/Fire      21%        2d7       22%         4
 Sticky Flame             Conj/Fire      21%        2d4       22%         4
 Animate Dead             Necr           8%         N/A       34%         4
 Dispel Undead            Necr           16%        3d10      34%         4
 Iskenderun's Battlesphe  Conj           27%        2d8       38%         5
 Fireball                 Conj/Fire      10%        3d6       54%         5
 Irradiate                Conj/Tmut      10%        3d17      54%         5
 Alistair's Intoxication  Tmut/Pois      10%        N/A       67%         5
 Blade Hands              Tmut           8%         N/A       67%         5
 Borgnjor's Vile Clutch   Necr/Erth      8%         N/A       67%         5
 Manifold Assault         Tloc           16%        N/A       67%         5
 Simulacrum               Ice/Necr       17%        N/A       77%         6
 Conjure Ball Lightning   Conj/Air       10%        3x3d6     98%         6
 Iron Shot                Conj/Erth      10%        9d3       98%         6
 Death Channel            Necr           8%         N/A       99%         6
 Ozocubu's Refrigeration  Ice            26%        4d10      86%         7
 Dragon Form              Tmut           8%         N/A       100%        7
 Malign Gateway           Summ/Tloc      13%        N/A       100%        7
 Orb of Destruction       Conj           13%        9d7       100%        7
 Spellforged Servitor     Conj/Summ      16%        N/A       100%        7
 Storm Form               Tmut/Air       8%         N/A       100%        7
 Summon Horrible Things   Summ           18%        N/A       100%        8
 Dragon's Call            Summ           18%        N/A       100%        9

Inventory:

Hand Weapons
 h - a +9 vorpal scythe (weapon)
Armour
 b - a scarf of resistance (worn)
 d - a +2 pair of gloves of stealth (worn)
 y - the +1 helmet of Uskayaw's Whim (worn) {Will+ MP+9}
   (You acquired it on level 12 of the Dungeon)

   MP:        It affects your magic capacity (+9).
   Will:      It increases your willpower.
 z - a +1 pair of boots (worn)
 I - the +4 robe of Augmentation (worn) {Str+4 Int+4 Dex+4}
   (You found it on level 14 of the Dungeon)

   Str:       It affects your strength (+4).
   Int:       It affects your intelligence (+4).
   Dex:       It affects your dexterity (+4).
Magical Staves
 g - a staff of cold
Jewellery
 v - a ring of see invisible
 H - the ring "Puopapne" (right hand) {+Blink Will+ MP+9}
   (You found it in a Gauntlet)

   [ring of magical power]

   MP:        It affects your magic capacity (+9).
   +Blink:    It lets you blink.
   Will:      It increases your willpower.
 O - a ring of protection from fire
 P - a ring of poison resistance {@f3}
 R - a ring of resist corrosion
 W - the ring "Coxeak" (left hand) {Fly rC++}
   (You bought it in a shop on level 2 of the Orcish Mines)

   [ring of flight]

   rC:        It greatly protects you from cold.
   Fly:       It grants you flight.
 Y - the amulet of Vitality (around neck) {Regen+ HP+15}
   (You bought it in a shop on level 2 of the Orcish Mines)

   [amulet of regeneration]

   HP:        It affects your health (+15).
   Regen:     It increases your rate of health regeneration.
Wands
 f - a wand of acid (6)
 j - a wand of mindburst (14)
 k - a wand of iceblast (2)
 r - a wand of digging (15)
 t - a wand of paralysis (7)
 F - a wand of charming (4)
 M - a wand of flame (16)
 U - a wand of polymorph (20)
Scrolls
 e - 8 scrolls of fog {@r5}
 o - 7 scrolls of teleportation {@r4}
 w - 6 scrolls of enchant armour
 x - 2 scrolls of holy word
 E - 6 scrolls of magic mapping
 J - 2 scrolls of blinking {@r3}
 K - 3 scrolls of silence {!r}
 T - a scroll of summoning
 V - 3 scrolls of fear
 Z - 6 scrolls of vulnerability {!r}
Potions
 a - a potion of invisibility
 c - 8 potions of might
 i - 3 potions of attraction {!q}
 m - 2 potions of resistance
 p - 12 potions of curing {@q1}
 q - 4 potions of magic
 s - 8 potions of flight
 u - 7 potions of ambrosia
 A - 7 potions of heal wounds {@q2}
 B - a potion of cancellation
 C - 6 potions of haste {@q3}
 D - 4 potions of mutation {!q}
 G - 5 potions of lignification {!q}
 L - 7 potions of berserk rage {!q}
 N - 6 potions of degeneration {!q}
 Q - 8 potions of brilliance
Miscellaneous
 l - a lightning rod (1/4)
 n - a condenser vane
 S - a tin of tremorstones (inert) {@f1}
 X - a phial of floods

Dungeon Overview and Level Annotations

Branches:
Dungeon (15/15)            Temple (1/1) D:7            Lair (6/6) D:9
  Swamp (4/4) Lair:4       Spider (4/4) Lair:4        Slime (0/5) Lair:6
    Orc (2/2) D:11            Elf (0/3) Orc:2        Vaults (4/5) D:14
  Crypt (0/3) Vaults:2     Depths (3/4) D:15        Volcano (visited)
Gauntlet (visited)

Altars:
Ashenzari
Cheibriados
Dithmenos
Elyvilon
Fedhas
Gozag
Hepliaklqana
Kikubaaqudgha
Makhleb
Nemelex Xobeh
Okawaru
Qazlal
Ru
Sif Muna
Trog
Uskayaw
Vehumet
Wu Jian
Xom
Yredelemnul
Zin
The Shining One
Beogh

Shops:
D:10 *   Orc:2 *(=*[   Vaults:1 ?   Vaults:2 !**   Vaults:3 ?::[:   Depths:1 ?!
Depths:2 *

Portals:
Hell: Depths:1 Depths:2
Abyss: Depths:2
Pandemonium: Depths:1 Depths:2

Annotations:
D:3 exclusion: oklob plant
Lair:6 1 exclusion
Vaults:1 3 runed translucent doors, exclusion: 3 doors
Depths:3 exclusion: door

T... ¦.....#..#..'.
¦.......¦.....#.(####.
¦..T....¦.....#....... ¦
¦.....D.¦.....###.....
..¦....T..¦.....# #...¦¦
¦¦.....§..¦.....# #...¦.
..¦..§§TD§¦.....# #...¦?
¦b¦..§§C§§¦.....###...¦¦
¦D¦..§u@§§¦.....#.......
¦.¦..WuC§§¦.....#...####
¦.¦.§u§§§§¦.....#...#..'
¦.¦.§.....¦.....#...#### .¦.
..¦.......¦.....#.......
¦.¦¦¦¦¦¦¦¦¦¦.......¦.....#######.
........ ........¦...[.'..(..'.
........ .....L...¦.))..#######.
T..... ¦....)#.......


You could see 2 titans, 2 very ugly things, a fire dragon, an iron troll, a
green ugly thing and a flayed ghost.


Message History

A flayed ghost, a titan and a jiangshi come into view.
Found 13 sling bullets.
The green very ugly thing gurgles horribly!
The titan shouts! x2; The iron troll shouts!
The green very ugly thing basks in the mutagenic energy from its kin and changes!
The jiangshi moves out of view.
Unknown command.
Unknown command.
You draw... (choose one card, ? for their descriptions) a - Velocity b - Velocity
c - the Cloud You have drawn the Cloud.
Clouds appear around you! The flayed ghost hits you!
As you read the scroll of teleportation {@r4}, it crumbles to dust.
You feel strangely unstable. The green ugly thing gores you.
The titan gestures at you while chanting.
The bolt of lightning hits you!!
* * * LOW HITPOINT WARNING * * *
The bolt of lightning hits the titan.
The titan completely resists.
The titan hits you!!!
* * * LOW HITPOINT WARNING * * *
Unknown command.
Unknown command.
Unknown command.
Unknown command.
You feel yourself speed up.
The green ugly thing completely misses you.
The titan hits you!!!
You die...
Your body glows with a rainbow of weird colours and disappears.

Skill      XL: |  1  2  3  4  5  6  7  8  9 10 11 12 13 14 15 16 17 18 19 20 21 22 23 |
---------------+----------------------------------------------------------------------+-----
Fighting       | 1 3 5 6 7 8 9 10 11 12 13 | 13.5
Ice Magic      | 1 2 5 7 |  7.0
Hexes          | 4 6 7 8 9 11 14 15 | 15.0
Polearms       | 2 3 7 11 12 13 14 15 16 18 20 | 20.4
Spellcasting   | 3 4 6 7 8 10 11 12 | 12.0
Evocations     | 1 2 4 5 7 8 9 10 | 10.0
Stealth        | 4 5 6 7 8 |  8.0
Conjurations   | 2 |  2.0
Summonings     | 2 4 |  4.0
Armour         | 3 4 6 7 8 |  8.4
Dodging        | 3 5 6 7 8 9 10 11 12 13 | 13.5
Invocations    | 1 6 8 10 11 12 13 15 17 | 17.5
Short Blades   | |  1.0

Action                   |  1- 3 |  4- 6 |  7- 9 | 10-12 | 13-15 | 16-18 | 19-21 | 22-24 || total
-------------------------+-------+-------+-------+-------+-------+-------+-------+-------++-------
Melee: Dagger            |    80 |   228 |   217 |       |       |       |       |       ||   525
       Punch             |     1 |     4 |     8 |     6 |    21 |       |       |       ||    40
       Short sword       |       |       |   162 |    20 |       |       |       |       ||   182
       Trident           |       |       |       |   336 |   848 |    22 |       |       ||  1206
       Halberd           |       |       |       |   195 |   414 |   268 |       |       ||   877
       Glaive            |       |       |       |   184 |    19 |   538 |       |       ||   741
       Scythe            |       |       |       |    23 |       |   596 |  1248 |   747 ||  2614
Throw: Stone             |    18 |    14 |     2 |       |       |       |       |       ||    34
 Cast: Ensorcelled Hiber |    10 |    34 |    56 |    18 |       |       |       |       ||   118
       Tukima's Dance    |       |     8 |    18 |    24 |    67 |    45 |    96 |    30 ||   288
       Confusing Touch   |       |     2 |    23 |    52 |    19 |    25 |    22 |     4 ||   147
       Dazzling Flash    |       |       |     3 |     6 |     9 |     5 |       |     1 ||    24
       Summon Guardian G |       |       |       |     6 |    44 |    15 |    20 |     1 ||    86
       Frozen Ramparts   |       |       |       |    34 |   121 |   102 |    40 |    13 ||   310
       Summon Ice Beast  |       |       |       |     7 |    48 |    31 |    20 |     3 ||   109
       Inner Flame       |       |       |       |       |     8 |     1 |    13 |     1 ||    23
       Cause Fear        |       |       |       |       |       |    12 |     5 |       ||    17
       Metabolic Englaci |       |       |       |       |       |       |   118 |    10 ||   128
       Enfeeble          |       |       |       |       |       |       |     6 |    94 ||   100
Invok: Draw Destruction  |       |       |       |     3 |    18 |    19 |    12 |     6 ||    58
       Draw Summoning    |       |       |       |     2 |     3 |    13 |    13 |     7 ||    38
       Triple Draw       |       |       |       |     1 |     1 |     1 |     4 |     4 ||    11
       Deal Four         |       |       |       |       |     4 |     2 |     6 |     5 ||    17
       Stack Five        |       |       |       |       |       |     1 |       |     1 ||     2
       Draw Stack        |       |       |       |       |       |       |     4 |     5 ||     9
       Draw Escape       |       |       |       |       |       |       |     4 |       ||     4
 Abil: Evoke Blink       |       |       |       |       |     2 |       |     9 |    13 ||    24
Evoke: Wand              |       |       |     5 |    12 |     7 |    26 |    36 |    14 ||   100
       Phial of floods   |       |       |       |       |     2 |     4 |     3 |       ||     9
       Lightning rod     |       |       |       |       |       |       |    12 |    10 ||    22
       Condenser vane    |       |       |       |       |       |       |     5 |     4 ||     9
       Tin of tremorston |       |       |       |       |       |       |       |     4 ||     4
  Use: Scroll            |       |       |     5 |     5 |     8 |    33 |    12 |     9 ||    72
       Potion            |       |       |     1 |     2 |     6 |     8 |     3 |     2 ||    22
 Stab: Sleeping          |     6 |    25 |    38 |    20 |     8 |    33 |    15 |    10 ||   155
       Confused          |       |     1 |    26 |    71 |    18 |    33 |    33 |     7 ||   189
       Paralysed         |       |       |     2 |    14 |       |     4 |       |     3 ||    23
       Distracted        |       |       |     1 |     4 |     8 |     4 |    15 |     4 ||    36
       Invisible         |       |       |     4 |     7 |     3 |     4 |     3 |    70 ||    91
       Fleeing           |       |       |       |       |       |     2 |       |       ||     2
Armor: Robe              |    14 |    13 |    47 |    22 |       |   321 |   400 |   152 ||   969
       Steam dragon scal |       |       |       |    71 |       |       |       |       ||    71
       Troll leather arm |       |       |       |    47 |    52 |       |       |       ||    99
       Scale mail        |       |       |       |       |   503 |   399 |       |       ||   902
Dodge: Dodged            |    51 |    77 |   197 |   447 |   644 |   970 |   954 |   639 ||  3979

Levels and vault maps discovered:
D:1:      dpeg_arrival_tiny_e, layout_loops_cross, grunt_decor_resistance,
          minmay_misc_feat_doors
D:2:      layout_rooms, shapermc_ecumenical_altar_pompeii,
          kennysheep_generic_room_3, uniq_jessica, uniq_sigmund
D:3:      layout_basic, lemuel_doored_altar, tgw_fedhas,
          minmay_misc_feat_enclosed, serial_bayou_pond_b
D:4:      layout_loops_ring, evilmike_ruin_ashenzari,
          minmay_fractal_squares_diagonal_5
D:5:      layout_rooms, nicolae_uskayaw_murder_on_the_dancefloor
D:6:      layout_loops_ring, nicolae_vehumet_altar_sigil, gammafunk_ghost_icy
D:7:      cheibrodos_wizards_tower, layout_loops_ring,
          lemuel_coloured_pillars_altar, minmay_temple_entry_ruins
D:8:      layout_rooms, mainiacjoe_overflow_24_doors, uniq_pikel, uniq_maggie,
          uniq_prince_ribbit1
D:9:      layout_rooms, tgw_xom, david_lair_generic
D:10:     layout_roguey, mainiacjoe_overflow_alcove_1,
          mainiacjoe_overflow_catch_the_wave, serial_shops,
          nicolae_shop_waterfront, serial_bayou, serial_bayou_ford_a,
          serial_bayou_pond_e, serial_bayou_pond_a, serial_bayou_pond_c,
          grunt_ministairs_12
D:11:     layout_roguey, david_orc_3, gammafunk_ghost_nasty_kobolds,
          elves_outpost_lemuel
D:12:     nicolae_hexawheel, layout_gridville
D:13:     layout_rooms
D:14:     minmay_complete_graph, layout_cave_pods, david_vaults_1,
          small_statue_alley_a, uniq_louise
D:15:     hangedman_depths_entry_civil_slaughter, layout_basic,
          grunt_decor_mini_mirrors, chequers_serial_rivers_large_b,
          serial_park_tiny_pond
Temple:   grunt_temple_mini_profane
Lair:1:   layout_chaotic_city, st_stairs_11, minmay_hedge_maze,
          chequers_serial_rivers_marsh, minivault_23, grunt_megastairs_4
Lair:2:   layout_gridlike, beast_lair_carwin_5, grunt_megastairs_2, uniq_sonja
Lair:3:   layout_roguey, lemuel_old_faithful, lemuel_fruit_tree
Lair:4:   layout_cave_shapes, minmay_swamp_entry_worms,
          hellmonk_spider_entry_life_and_decay, enter_volcano_4
Lair:5:   beast_lair_carwin_large_2, layout_hall_layers, nicolae_lair_lindhole,
          serial_bayou_shore_b
Lair:6:   grunt_lair_end_beastmaster, layout_misc_corridors,
          minmay_slime_entry_jelly_boxes, gauntlet_entry_generic
Swamp:1:  layout_basic_swamp, evilmike_swamp_ruin_rubble_2
Swamp:2:  layout_basic_swamp, hangedman_swamp_pad
Swamp:3:  layout_basic_swamp, nicolae_swamp_godswood, uniq_donald
Swamp:4:  swamp, layout_basic_swamp
Spider:1: layout_spider_delve
Spider:2: layout_spider_delve, nicolae_spider_shape
Spider:3: layout_cave_pods
Spider:4: grunt_spider_rune_circles, uniq_arachne
Orc:1:    layout_diamond_mine
Orc:2:    grunt_orc_cross, layout_diamond_mine, serial_shops,
          nicolae_diamond_shop, basic_altar, minmay_orc_keep
Vaults:1: ploomutoo_gammafunk_ghost_potion_laboratory,
          ontoclasm_vaults_ligature, ontoclasm_vaults_eye,
          nicolae_vaults_bisected_inception, v_misc_30,
          ontoclasm_vaults_decontamination, v_rooms_1, dpeg_vaults_monster_box,
          v_misc_12, vaults_room_grunt_arrival_ludios,
          nicolae_vaults_specimen_jars, layout_vaults_chaotic_city,
          serial_shops, shop
Vaults:2: hangedman_vaults_nodes, grunt_vaults_diagonal,
          minmay_crypt_entry_simple_box, nicolae_vaults_little_squares_2,
          hangedman_vaults_hat, ontoclasm_vaults_bender, v_misc_24,
          vaults_dpeg_encased_lava, nicolae_vaults_network_periphery,
          v_alt_pattern_5, v_pattern_5, v_misc_3, layout_vaults_big_cross,
          serial_shops, nicolae_square_shop, shop, nicolae_shop_trees,
          uniq_nikola
Vaults:3: v_misc_3, nicolae_vaults_alarming, ontoclasm_vaults_spin,
          vaults_dpeg_ring, nicolae_vaults_big_angled_halls, v_misc_24,
          vaults_room_semicircle, nicolae_vaults_little_ls,
          layout_vaults_omnigrid, serial_shops, nicolae_shop_crystal,
          nicolae_shop_window_shopping,
          nicolae_shop_competitors_out_of_business, shop_statue,
          nicolae_lakefront_shop
Vaults:4: vaults_dpeg_spiral, v_misc_2, vaults_room_door_hall,
          hangedman_vaults_corner, nicolae_vaults_little_squares_5, st_lattice,
          ontoclasm_vaults_fault, grunt_vaults_focal, v_rooms_5,
          vaults_room_fancy_cross, vaults_dpeg_hooks, layout_vaults_maze
Depths:1: layout_cave_pools, grunt_pan_entry_spiral, hell_entry,
          nrook_kobold_shadow_demons, kennysheep_cross_landing,
          minmay_shop_star, infiniplex_staircase_pool_lava
Depths:2: minmay_diamond_stairs, layout_twisted_cross, serial_shops, shop,
          nicolae_dithmenos_shadow_blocks, grunt_pan_entry_sceptre, abyss_entry,
          hell_entry, lemuel_flamethrower_2
Depths:3: box_level_dp, abyss_entry, pan_entry, hell_entry

Notes
Turn   | Place    | Note
-------+----------+-------------------------------------------
     0 | D:1      | browni3141 the Human Enchanter began the quest for the Orb.
     0 | D:1      | Reached XP level 1. HP: 13/13 MP: 3/3
   263 | D:1      | Reached skill level 1 in Fighting
   536 | D:1      | Reached XP level 2. HP: 9/21 MP: 5/5
   971 | D:1      | Learned a level 2 spell: Ensorcelled Hibernation
  1307 | D:2      | Noticed Jessica
  1307 | D:2      | Noticed Sigmund
  1691 | D:1      | HP: 2/21 [poisoned by an adder]
  2218 | D:1      | Killed Jessica
  2219 | D:1      | Reached skill level 1 in Ice Magic
  2219 | D:1      | Reached XP level 3. HP: 26/26 MP: 3/6
  2258 | D:1      | Reached XP level 4. HP: 27/32 MP: 0/7
  2717 | D:1      | Reached skill level 4 in Hexes
  2788 | D:2      | Reached skill level 2 in Ice Magic
  2792 | D:2      | Learned a level 3 spell: Tukima's Dance
  3519 | D:2      | Reached XP level 5. HP: 26/37 MP: 5/8
  3906 | D:2      | Reached skill level 5 in Hexes
  4141 | D:2      | Found a faded altar of an unknown god.
  4378 | D:2      | Killed Sigmund
  4379 | D:2      | Reached skill level 6 in Hexes
  4379 | D:2      | Reached XP level 6. HP: 43/43 MP: 1/9
  4456 | D:2      | Learned a level 3 spell: Confusing Touch
  5639 | D:3      | Found a blossoming altar of Fedhas.
  5652 | D:3      | Noticed an oklob plant
  6233 | D:3      | Found a stormy altar of Qazlal.
  6559 | D:4      | Noticed a necrophage
  6561 | D:4      | Reached XP level 7. HP: 48/48 MP: 10/10
  6575 | D:4      | Found a broken altar of Ashenzari.
  6577 | D:4      | Reached skill level 1 in Polearms
  7676 | D:4      | Reached skill level 2 in Polearms
  7896 | D:4      | Reached skill level 3 in Spellcasting
  7896 | D:4      | Reached skill level 7 in Hexes
  7896 | D:4      | Reached skill level 1 in Evocations
  7911 | D:4      | Reached XP level 8. HP: 26/54 MP: 5/12
  8267 | D:5      | Entered Level 5 of the Dungeon
  8681 | D:5      | Found a hide-covered altar of Uskayaw.
  8745 | D:5      | Reached skill level 4 in Stealth
  8745 | D:5      | Reached skill level 2 in Evocations
  8995 | D:5      | Reached skill level 3 in Polearms
  9407 | D:5      | Learned a level 3 spell: Dazzling Flash
  9789 | D:6      | Found a runed translucent gate.
  9793 | D:6      | Found a runed translucent gate.
  9795 | D:6      | Found a runed translucent gate.
  9872 | D:5      | Reached XP level 9. HP: 59/59 MP: 9/14
  9924 | D:5      | Reached skill level 4 in Spellcasting
  9924 | D:5      | Reached skill level 1 in Conjurations
  9924 | D:5      | Reached skill level 3 in Evocations
 10114 | D:6      | Found a radiant altar of Vehumet.
 10139 | D:6      | Reached skill level 5 in Stealth
 10340 | D:6      | Reached skill level 4 in Polearms
 10576 | D:6      | Reached skill level 2 in Conjurations
 11015 | D:6      | Noticed jjjjhere's ghost (novice DsBr)
 11039 | D:6      | Reached skill level 8 in Hexes
 11645 | D:6      | Reached skill level 4 in Evocations
 11811 | D:7      | Reached skill level 5 in Polearms
 11964 | D:7      | Noticed an orc sorcerer
 12044 | D:7      | Learned a level 3 spell: Summon Guardian Golem
 12567 | D:6      | Reached skill level 1 in Summonings
 12617 | D:7      | Reached skill level 6 in Polearms
 12617 | D:7      | Reached skill level 2 in Summonings
 12760 | D:7      | Killed an orc sorcerer
 12761 | D:7      | Reached skill level 7 in Polearms
 12761 | D:7      | Reached XP level 10. HP: 33/65 MP: 16/16
 13516 | D:7      | Reached skill level 8 in Polearms
 13633 | D:7      | Found a glowing silver altar of Zin.
 13673 | D:7      | Found a staircase to the Ecumenical Temple.
 13682 | Temple   | Entered the Ecumenical Temple
 14858 | D:8      | Noticed Prince Ribbit
 14876 | D:8      | Killed Prince Ribbit
 14877 | D:8      | Reached skill level 9 in Polearms
 14924 | D:8      | Noticed Maggie
 14934 | D:8      | Killed Maggie
 16210 | D:8      | Noticed Pikel
 16248 | D:7      | Killed Pikel
 16249 | D:7      | Reached skill level 10 in Polearms
 16441 | D:8      | Found a sparkling altar of Nemelex Xobeh.
 16462 | D:8      | Became a worshipper of Nemelex Xobeh the Trickster
 16808 | D:9      | Found a shimmering altar of Xom.
 16909 | D:9      | Found a staircase to the Lair.
 16949 | D:9      | Reached skill level 11 in Polearms
 17051 | D:9      | Noticed an elephant
 17320 | D:9      | Reached XP level 11. HP: 42/70 MP: 17/17
 17468 | D:9      | Learned a level 3 spell: Frozen Ramparts
 18029 | D:9      | Killed an elephant
 18030 | D:9      | Reached skill level 3 in Ice Magic
 18618 | D:9      | Reached skill level 5 in Spellcasting
 18745 | D:10     | Entered Level 10 of the Dungeon
 18745 | D:10     | Noticed a centaur warrior
 19003 | D:10     | Found Pazxehiv's Assorted Antiques.
 19011 | D:10     | Bought a scroll labelled YHODAAL ERINA for 27 gold pieces
 19011 | D:10     | Bought a scroll of teleportation for 81 gold pieces
 19011 | D:10     | Bought a potion of curing for 81 gold pieces
 19011 | D:10     | Bought a viscous cyan potion for 24 gold pieces
 19011 | D:10     | Bought a scroll labelled INWAREEGOV for 27 gold pieces
 19019 | D:10     | Found a glowing golden altar of the Shining One.
 19365 | D:10     | Killed a centaur warrior
 19366 | D:10     | Reached skill level 4 in Ice Magic
 19549 | D:10     | Noticed a two-headed ogre
 19593 | D:10     | Killed a two-headed ogre
 19594 | D:10     | Reached skill level 12 in Polearms
 20011 | D:10     | Found a shadowy altar of Dithmenos.
 20047 | D:10     | Found an iron altar of Okawaru.
 20082 | D:10     | Reached * piety under Nemelex Xobeh
 20372 | D:10     | Noticed a two-headed ogre
 20379 | D:10     | Noticed a two-headed ogre
 20383 | D:10     | Killed a two-headed ogre
 20384 | D:10     | Reached skill level 5 in Ice Magic
 20784 | D:10     | Found Pazxehiv's Assorted Antiques.
 20836 | D:10     | Found a glowing golden altar of the Shining One.
 20967 | D:10     | Killed a two-headed ogre
 20968 | D:10     | Reached skill level 6 in Stealth
 20968 | D:10     | Reached skill level 6 in Spellcasting
 20973 | D:10     | Learned a level 4 spell: Summon Ice Beast
 21051 | D:11     | Received a gift from Nemelex Xobeh
 21055 | D:11     | Found a runed translucent gate.
 21055 | D:11     | Found a runed translucent gate.
 21056 | D:11     | Found a runed translucent gate.
 21056 | D:11     | Noticed cbfl8's ghost (journeyman MiBe)
 21085 | D:11     | Found a staircase to the Orcish Mines.
 21352 | D:11     | Noticed a deep elf zephyrmancer
 21356 | D:11     | Reached XP level 12. HP: 51/76 MP: 21/21
 21452 | D:11     | Noticed a centaur warrior
 21458 | D:11     | Killed a centaur warrior
 21459 | D:11     | Reached skill level 1 in Armour
 21507 | D:11     | Reached ** piety under Nemelex Xobeh
 21643 | D:11     | Noticed an eight-headed hydra
 21696 | D:11     | Received a gift from Nemelex Xobeh
 21967 | Lair:1   | Entered Level 1 of the Lair of Beasts
 21972 | Lair:1   | Noticed a seven-headed hydra
 21982 | Lair:1   | Killed a seven-headed hydra
 21983 | Lair:1   | Reached skill level 2 in Fighting
 21983 | Lair:1   | Reached skill level 6 in Ice Magic
 22004 | Lair:1   | Reached skill level 3 in Dodging
 22081 | Lair:1   | Reached skill level 7 in Stealth
 22144 | Lair:1   | Reached skill level 2 in Armour
 22694 | Lair:1   | Reached *** piety under Nemelex Xobeh
 22718 | Lair:1   | Received a gift from Nemelex Xobeh
 23046 | Lair:1   | Reached skill level 3 in Fighting
 23221 | Lair:2   | Reached skill level 13 in Polearms
 23221 | Lair:2   | Reached skill level 1 in Invocations
 23294 | Lair:2   | Noticed Sonja
 23299 | Lair:2   | Killed Sonja
 23331 | Lair:2   | Received a gift from Nemelex Xobeh
 23379 | Lair:2   | Noticed a six-headed hydra
 23382 | Lair:2   | Identified the +0 leather armour of Noon {Rampage rC- rCorr
                  | Stlth+}
 23503 | Lair:2   | Reached skill level 7 in Ice Magic
 23504 | Lair:2   | Reached skill level 3 in Armour
 23504 | Lair:2   | Reached XP level 13. HP: 64/86 MP: 20/22
 23508 | Lair:2   | Reached skill level 8 in Stealth
 23509 | Lair:2   | Reached skill level 2 in Invocations
 23591 | Lair:2   | You fall into a shaft and drop 1 floor!
 23591 | Lair:3   | Noticed a five-headed hydra
 23602 | Lair:3   | Killed a five-headed hydra
 23603 | Lair:3   | Reached skill level 4 in Dodging
 23693 | Lair:3   | Reached skill level 3 in Summonings
 23704 | Lair:3   | Received a gift from Nemelex Xobeh
 23890 | Lair:3   | Reached skill level 3 in Invocations
 24464 | Lair:2   | Received a gift from Nemelex Xobeh
 24623 | Lair:2   | Reached skill level 4 in Fighting
 24633 | Lair:2   | Killed a six-headed hydra
 24634 | Lair:2   | Reached skill level 4 in Summonings
 24634 | Lair:2   | Reached skill level 4 in Invocations
 24807 | Lair:2   | Reached **** piety under Nemelex Xobeh
 24823 | Lair:2   | Reached skill level 4 in Armour
 25105 | Lair:4   | Noticed an eight-headed hydra
 25252 | Lair:4   | Killed an eight-headed hydra
 25313 | Lair:4   | Reached skill level 5 in Invocations
 25397 | Lair:4   | Reached skill level 5 in Dodging
 25423 | Lair:4   | Found a hole to the Spider Nest.
 25491 | Lair:4   | Found a staircase to the Swamp.
 25531 | Lair:4   | Found a dark tunnel.
 25540 | Volcano  | Entered a volcano
 25819 | Volcano  | Reached skill level 14 in Polearms
 26365 | Lair:4   | Reached skill level 6 in Invocations
 26371 | Lair:4   | Reached skill level 5 in Fighting
 26371 | Lair:4   | Reached XP level 14. HP: 70/98 MP: 23/23
 27225 | Lair:4   | Reached skill level 5 in Armour
 28372 | Lair:5   | Reached skill level 7 in Invocations
 28712 | Lair:5   | Received a gift from Nemelex Xobeh
 28903 | Lair:5   | Reached skill level 6 in Dodging
 29285 | Lair:6   | Entered Level 6 of the Lair of Beasts
 29613 | Lair:6   | Found a staircase to the Slime Pits.
 29630 | Lair:6   | Found a gate leading to a gauntlet.
 29655 | Gauntlet | Entered a Gauntlet
 29655 | Gauntlet | Found a transporter.
 29655 | Gauntlet | Found a transporter.
 29870 | Gauntlet | Found a transporter.
 29871 | Gauntlet | Found a transporter.
 29873 | Gauntlet | Found a transporter.
 29879 | Gauntlet | Found a runed translucent gate.
 29880 | Gauntlet | Found a transporter.
 29881 | Gauntlet | Found a transporter.
 29882 | Gauntlet | Found a runed translucent gate.
 29882 | Gauntlet | Found a transporter.
 29883 | Gauntlet | Found a runed translucent gate.
 29884 | Gauntlet | Found a transporter.
 29888 | Gauntlet | Found a runed translucent door.
 29888 | Gauntlet | Found a runed translucent door.
 29892 | Gauntlet | Found a transporter.
 29896 | Gauntlet | Found a transporter.
 29942 | Gauntlet | Found a transporter.
 30069 | Gauntlet | Reached skill level 6 in Fighting
 30152 | Gauntlet | Reached skill level 8 in Invocations
 30440 | Gauntlet | Reached skill level 6 in Armour
 30440 | Gauntlet | Identified the ring "Puopapne" {+Blink Will+ MP+9}
 30727 | Gauntlet | Identified the +2 fustibalus "Afotet" {venom, rF- Str+4
                  | Dex+4 Stlth+}
 30727 | Gauntlet | Identified the +4 plate armour of the Gloaming {rC+ rN++
                  | rCorr Dex-4}
 30727 | Gauntlet | Noticed a minotaur
 30765 | Gauntlet | Killed a minotaur
 31108 | Lair:6   | Reached skill level 15 in Polearms
 31955 | Lair:6   | Reached XP level 15. HP: 76/106 MP: 24/24
 32132 | Lair:6   | Reached skill level 9 in Invocations
 32915 | Lair:6   | Reached skill level 7 in Dodging
 33372 | Lair:6   | Received a gift from Nemelex Xobeh
 34882 | D:12     | Reached skill level 7 in Fighting
 34942 | D:12     | Received a gift from Nemelex Xobeh
 35367 | Orc:1    | Entered Level 1 of the Orcish Mines
 35502 | Orc:2    | Entered Level 2 of the Orcish Mines
 35502 | Orc:2    | Found a staircase to the Elven Halls.
 36259 | Orc:2    | Learned a level 3 spell: Inner Flame
 36349 | Orc:2    | Reached skill level 7 in Armour
 36383 | Orc:2    | Received a gift from Nemelex Xobeh
 36566 | Orc:2    | Noticed an orc warlord
 36576 | Orc:2    | Noticed Nergalle
 36586 | Orc:2    | Killed Nergalle
 36587 | Orc:2    | Reached skill level 10 in Invocations
 36604 | Orc:2    | Killed an orc warlord
 37180 | Orc:1    | Reached skill level 5 in Evocations
 37610 | Orc:2    | Noticed an orc warlord
 37636 | Orc:2    | Found Ugganem's Assorted Antiques.
 37665 | Orc:2    | Killed an orc warlord
 38212 | Orc:2    | Identified a +2 robe of resistance
 38947 | Orc:2    | Received a gift from Nemelex Xobeh
 39115 | Orc:2    | Found Weubesm's Jewellery Boutique.
 39222 | Orc:2    | Found Afykuy's Antique Weapon Boutique.
 39303 | Orc:2    | Found Cyloew's Antique Armour Boutique.
 39318 | Orc:2    | Found Uclaf's General Store.
 39959 | Orc:1    | Identified a +2 robe of resistance
 40040 | Orc:2    | Bought a pair of embroidered boots for 217 gold pieces
 40061 | Orc:2    | Bought the ring "Coxeak" {Fly rC++} for 672 gold pieces
 40061 | Orc:2    | Bought the amulet of Vitality {Regen+ HP+15} for 1264 gold
                  | pieces
 40061 | Orc:2    | Found the amulet of Vitality {Regen+ HP+15}
 40267 | D:6      | Identified the +2 dire flail of Tomorrow {freeze, Fly SInv}
 40332 | D:6      | Killed jjjjhere's ghost
 40508 | D:11     | Killed cbfl8's ghost
 40512 | D:11     | Reached XP level 16. HP: 67/115 MP: 8/25
 40753 | D:11     | Reached skill level 6 in Evocations
 40788 | D:11     | Reached skill level 16 in Polearms
 41373 | D:12     | Reached skill level 8 in Dodging
 41535 | D:12     | Reached skill level 11 in Invocations
 42159 | D:12     | Received a gift from Nemelex Xobeh
 42692 | D:12     | Reached ***** piety under Nemelex Xobeh
 42856 | D:12     | Acquired a book of Winter
 42858 | D:12     | Acquired the +1 helmet of Uskayaw's Whim {Will+ MP+9}
 43050 | D:12     | Reached skill level 8 in Fighting
 43518 | D:13     | Reached skill level 7 in Evocations
 43538 | D:13     | Received a gift from Nemelex Xobeh
 43782 | D:13     | Reached skill level 8 in Armour
 44287 | D:14     | Noticed Louise
 44302 | D:14     | Killed Louise
 44382 | D:14     | Found the +4 robe of Augmentation {Str+4 Int+4 Dex+4}
 44385 | D:14     | Identified the -3 pair of gloves of Niohum {rN+ Will+
                  | Str+2}
 44413 | D:14     | Noticed a sphinx
 44426 | D:14     | Killed a sphinx
 44700 | D:14     | Reached XP level 17. HP: 123/123 MP: 27/27
 44755 | D:14     | Found a gate to the Vaults.
 45184 | D:14     | Reached skill level 7 in Spellcasting
 45184 | D:14     | Reached skill level 12 in Invocations
 45246 | D:14     | Received a gift from Nemelex Xobeh
 45284 | D:14     | Reached skill level 8 in Evocations
 45462 | D:14     | Paralysed by a hornet for 3 turns
 45846 | D:14     | Learned a level 4 spell: Cause Fear
 45865 | D:15     | Entered Level 15 of the Dungeon
 46106 | D:15     | Found a staircase to the Depths.
 46386 | D:15     | Identified a potion of resistance
 46610 | D:15     | Received a gift from Nemelex Xobeh
 46798 | D:15     | Reached skill level 9 in Dodging
 46805 | D:15     | Reached skill level 17 in Polearms
 47221 | Orc:2    | Bought a potion of heal wounds for 175 gold pieces
 47221 | Orc:2    | Bought a potion of heal wounds for 175 gold pieces
 47221 | Orc:2    | Bought 2 scrolls of identify for 140 gold pieces
 47403 | Spider:1 | Entered Level 1 of the Spider Nest
 48748 | Spider:1 | Received a gift from Nemelex Xobeh
 48902 | Spider:1 | Identified a scarf of resistance
 49587 | Spider:3 | Received a gift from Nemelex Xobeh
 50201 | Spider:3 | Reached skill level 18 in Polearms
 50291 | Spider:3 | Reached XP level 18. HP: 131/131 MP: 29/29
 50586 | Spider:3 | Reached ****** piety under Nemelex Xobeh
 50970 | Spider:4 | Entered Level 4 of the Spider Nest
 51400 | Spider:4 | Noticed Arachne
 51412 | Spider:4 | Killed Arachne
 51509 | Spider:4 | Reached skill level 19 in Polearms
 53349 | Spider:2 | Reached skill level 20 in Polearms
 53350 | Spider:2 | HP: 9/146 [culicivora (17)]
 53522 | Spider:2 | Received a gift from Nemelex Xobeh
 53734 | Spider:2 | Identified the +2 robe of the Equator {rCorr Str+3 Int-4}
 54002 | Swamp:1  | Entered Level 1 of the Swamp
 54135 | Swamp:1  | Reached skill level 9 in Fighting
 54361 | Swamp:1  | Received a gift from Nemelex Xobeh
 54439 | Swamp:1  | Reached skill level 13 in Invocations
 54693 | Swamp:1  | Reached skill level 9 in Hexes
 54753 | Swamp:2  | Reached skill level 8 in Spellcasting
 54792 | Swamp:2  | Received a gift from Nemelex Xobeh
 55047 | Swamp:2  | Reached XP level 19. HP: 138/138 MP: 31/31
 55215 | Swamp:2  | Received a gift from Nemelex Xobeh
 55335 | Swamp:2  | Learned a level 5 spell: Metabolic Englaciation
 55511 | Swamp:3  | Noticed Donald
 55698 | Swamp:2  | Noticed Donald
 55698 | Swamp:2  | Donald changed into Donald the shining eye
 55699 | Swamp:2  | Gained mutation: Your magical capacity is low. (-10% MP)
                  | [Donald]
 55700 | Swamp:2  | Killed Donald the shining eye
 55835 | Swamp:3  | Found a burning altar of Makhleb.
 56113 | Swamp:4  | Entered Level 4 of the Swamp
 56657 | Swamp:4  | Reached skill level 14 in Invocations
 56892 | Swamp:4  | Reached skill level 10 in Dodging
 56912 | Swamp:4  | Reached skill level 10 in Fighting
 57021 | Swamp:4  | Received a gift from Nemelex Xobeh
 57118 | Swamp:4  | Got a decaying rune of Zot
 58729 | Spider:4 | Reached skill level 10 in Hexes
 59065 | Spider:4 | Received a gift from Nemelex Xobeh
 61148 | Spider:4 | Got a gossamer rune of Zot
 62315 | Vaults:1 | Entered Level 1 of the Vaults
 62335 | D:14     | Reached skill level 15 in Invocations
 62481 | Vaults:1 | Reached skill level 11 in Hexes
 62481 | Vaults:1 | Reached XP level 20. HP: 124/147 MP: 29/29
 63224 | Vaults:1 | Reached skill level 9 in Spellcasting
 63741 | Vaults:1 | Reached skill level 12 in Hexes
 63918 | Vaults:1 | Received a gift from Nemelex Xobeh
 63925 | Vaults:1 | Found a runed translucent gate.
 63925 | Vaults:1 | Found a runed translucent gate.
 63925 | Vaults:1 | Found a runed translucent gate.
 63928 | Vaults:1 | Noticed a tentacled monstrosity
 64133 | Vaults:1 | Received a gift from Nemelex Xobeh
 64781 | Vaults:1 | Paralysed by a great orb of eyes for 4 turns
 64889 | Vaults:1 | Reached skill level 13 in Hexes
 65197 | Vaults:1 | Received a gift from Nemelex Xobeh
 65260 | Vaults:1 | Found Haehuine's Magic Scroll Shoppe.
 65280 | Vaults:1 | Noticed a tentacled monstrosity
 65281 | Vaults:1 | Noticed a hellephant
 65281 | Vaults:1 | a tentacled monstrosity changed into a hellephant
 65289 | Vaults:1 | Reached skill level 10 in Spellcasting
 65296 | Vaults:1 | Killed a hellephant
 65393 | Vaults:1 | Acquired 589 gold pieces
 65395 | Vaults:1 | Bought a scroll of enchant armour for 105 gold pieces
 65395 | Vaults:1 | Bought a scroll of fog for 28 gold pieces
 65395 | Vaults:1 | Bought a scroll of magic mapping for 49 gold pieces
 65395 | Vaults:1 | Bought a scroll of acquirement for 728 gold pieces
 65395 | Vaults:1 | Acquired 999 gold pieces
 65526 | Vaults:1 | Noticed a tentacled monstrosity
 65977 | Vaults:1 | Reached skill level 14 in Hexes
 66311 | Vaults:2 | Found Piacaco's Distillery.
 66344 | Vaults:2 | Bought a potion of haste for 150 gold pieces
 66344 | Vaults:2 | Bought a potion of lignification for 45 gold pieces
 66344 | Vaults:2 | Bought a potion of curing for 45 gold pieces
 66344 | Vaults:2 | Bought a potion of haste for 150 gold pieces
 66344 | Vaults:2 | Bought a potion of ambrosia for 120 gold pieces
 66344 | Vaults:2 | Bought a potion of magic for 120 gold pieces
 66538 | Vaults:2 | Reached XP level 21. HP: 67/153 MP: 31/31
 66636 | Vaults:2 | Reached skill level 15 in Hexes
 67087 | Vaults:2 | Received a gift from Nemelex Xobeh
 67689 | Vaults:2 | Found Kitoetai's General Store.
 67689 | Vaults:2 | Found Lustryppes's General Store.
 67693 | Vaults:2 | Bought a scroll of enchant weapon for 97 gold pieces
 67694 | Vaults:2 | Bought a potion of curing for 39 gold pieces
 67698 | Vaults:2 | Bought a scroll of summoning for 123 gold pieces
 67705 | Vaults:2 | Noticed Nikola
 67718 | Vaults:2 | Killed Nikola
 68183 | Vaults:2 | Found a staircase to the Crypt.
 68473 | Vaults:3 | Found Symmuergh's Book Emporium.
 68777 | Vaults:3 | Received a gift from Nemelex Xobeh
 68783 | Vaults:3 | Found Odipor's Armour Boutique.
 69108 | Vaults:3 | Found Jaxkue's Magic Scroll Shop.
 69112 | Vaults:3 | Received a gift from Nemelex Xobeh
 69130 | Vaults:3 | Reached skill level 11 in Dodging
 69423 | Vaults:3 | Reached skill level 11 in Fighting
 69423 | Vaults:3 | Reached skill level 9 in Evocations
 69885 | Vaults:3 | Found Ukhlu's Book Shop.
 69901 | Vaults:3 | Learned a level 7 spell: Enfeeble
 70341 | Vaults:3 | Found Uriqel's Book Emporium.
 71175 | Vaults:4 | Reached XP level 22. HP: 78/163 MP: 28/32
 71270 | Vaults:4 | Received a gift from Nemelex Xobeh
 71443 | Vaults:4 | Reached skill level 16 in Invocations
 71834 | Vaults:4 | Received a gift from Nemelex Xobeh
 72030 | Vaults:4 | Reached skill level 10 in Evocations
 72631 | Depths:1 | Entered Level 1 of the Depths
 72654 | Depths:1 | Reached skill level 12 in Dodging
 72782 | Depths:1 | Reached skill level 12 in Fighting
 72930 | Depths:1 | Found Wizxaed's Distillery.
 73000 | Depths:1 | Found Godyvo's Magic Scroll Emporium.
 73225 | Depths:1 | Found a gateway to Hell.
 73252 | Depths:1 | Received a gift from Nemelex Xobeh
 74012 | Depths:1 | Gained mutation: Armour fits poorly on your strangely
                  | shaped body. [a neqoxec]
 74097 | Depths:1 | Found a one-way gate leading to the halls of Pandemonium.
 74351 | Depths:1 | Noticed a golden dragon
 74397 | Depths:1 | Killed a golden dragon
 74708 | Depths:1 | Identified the +1 ring mail "Igouxos" {rF+ rN+}
 74860 | Depths:2 | Found Zaokunn's General Store.
 74875 | Depths:2 | Noticed a caustic shrike
 74879 | Depths:2 | Noticed a caustic shrike
 74880 | Depths:2 | Noticed a caustic shrike
 74883 | Depths:2 | Killed a caustic shrike
 74887 | Depths:2 | Killed a caustic shrike
 74895 | Depths:2 | Killed a caustic shrike
 74997 | Depths:2 | Received a gift from Nemelex Xobeh
 75166 | Depths:2 | Found a one-way gate to the infinite horrors of the Abyss.
 75394 | Depths:2 | HP: 15/182 [sun demon (7)]
 75395 | Depths:2 | HP: 3/182 [sun demon (5)]
 75400 | Depths:2 | HP: 4/182 [poison (poison gas)]
 75596 | Depths:2 | Found a shadowy altar of Dithmenos.
 75674 | Depths:2 | Received a gift from Nemelex Xobeh
 75893 | Depths:3 | Reached skill level 11 in Spellcasting
 75974 | Depths:2 | Noticed a golden dragon
 75981 | Depths:2 | Killed a golden dragon
 75982 | Depths:2 | Reached skill level 17 in Invocations
 75982 | Depths:2 | Reached XP level 23. HP: 97/174 MP: 34/34
 76361 | Depths:3 | Paralysed by a floating eye for 4 turns
 76502 | Depths:3 | Reached skill level 13 in Dodging
 76750 | Depths:3 | Reached skill level 13 in Fighting
 77034 | Depths:3 | Noticed a golden dragon
 77054 | Depths:3 | Killed a golden dragon
 78279 | Depths:3 | Reached skill level 12 in Spellcasting
 78291 | Depths:3 | HP: 17/189 [something (11)]
 78309 | Depths:3 | Identified the -1 quarterstaff "Linyd" {elec, rN+ Will+}
 78815 | Depths:3 | Noticed a caustic shrike
 78853 | Depths:3 | Slain by a titan

Vanquished Creatures
  A caustic shrike (Depths:2)
  3 golden dragons
  Arachne (Spider:4)
  A hellephant (Vaults:1)
  A lich (Depths:1)
  2 sphinxes
  4 storm dragons
  A tengu reaver (Depths:3)
  A thorn hunter (Swamp:4)
  A fenstrider witch (Swamp:1)
  5 fire giants
  10 emperor scorpions
  A caustic shrike zombie (Depths:3)
  6 frost giants
  7 vault wardens
  4 orc warlords
  4 ghost moths
  Louise (D:14)
  15 ironbound preservers
  A war gargoyle (Vaults:2)
  11 very ugly things
  4 ironbound thunderhulks
  A vampire knight (Depths:1)
  4 stone giants
  A deep elf elementalist (Depths:3)
  4 eleionomae
  2 lorocyprocas
  A deep elf annihilator (Depths:3)
  A bunyip (Swamp:1)
  A minotaur (Gauntlet)
  12 spark wasps
  5 entropy weavers
  A blizzard demon (Depths:1)
  4 dire elephants (Vaults:2)
  5 ettins
  A green death (Depths:2)
  A crystal guardian (Vaults:2)
  3 fire dragons
  5 great orbs of eyes
  7 yaktaur captains
  A shambling mangrove (Swamp:1)
  The ghost of cbfl8 the Cleaver, a journeyman MiBe of Trog (D:11)
  A quicksilver dragon skeleton (Depths:3)
  6 ice dragons
  A ghost crab (Swamp:1)
  8 ironbound frosthearts
  An anaconda (shapeshifter) (Depths:2)
  A rakshasa (D:15)
  5 boulder beetles
  15 hydras
  2 spriggan air magi (Depths:2)
  A catoblepas (Lair:6)
  3 death knights
  2 peacekeepers (Vaults:2)
  2 radroaches (Spider:4)
  A jorogumo (Spider:1)
  5 two-headed ogres
  21 centaur warriors
  A death yak (Lair:6)
  3 alligators (Swamp:1)
  2 deep troll shamans
  2 deep troll earth magi
  3 spriggan berserkers
  A hell hog (Volcano)
  An orc high priest (Orc:2)
  A soul eater (Depths:1)
  A shock serpent (Vaults:1)
  7 tengu warriors
  A sixfirhy (Depths:2)
  Sonja (Lair:2)
  3 sun demons
  An iron troll (D:15)
  A storm dragon zombie (Depths:1)
  4 spriggans
  Nergalle (Orc:2)
  A salamander mystic (Depths:3)
  2 sun moths
  2 fire crabs (Gauntlet)
  5 goliath frogs
  51 deep trolls
  2 death drakes
  8 lindwurms
  A spriggan druid (Swamp:4)
  13 swamp dragons
  6 wizards
  A swamp dragon (shapeshifter) (D:12)
  2 glowing orange brains
  6 orb spiders
  A shadow demon (Depths:1)
  Pikel (D:7)
  7 steelbarb worms
  12 ironbound convokers
  4 deep elf zephyrmancers (D:11)
  A golden dragon skeleton (Depths:3)
  3 phantasmal warriors
  A bog body (Swamp:3)
  8 deep elf pyromancers
  A harpy (shapeshifter) (D:14)
  8 orc knights
  2 shadow dragon skeletons
  3 orc sorcerers
  7 necromancers
  6 cyclopes
  15 wolf spiders
  30 ugly things
  2 manticores
  The ghost of jjjjhere the Martial Artist, a novice DsBr of Hepliaklqana (D:6)
  4 will-o-the-wisps
  A shining eye (Swamp:2)
  3 salamanders
  A fire giant skeleton (Depths:1)
  13 vault sentinels
  2 rust devils (Depths:2)
  3 moths of wrath
  5 black mambas
  A frost giant skeleton (Depths:3)
  15 elephants
  A water nymph (shapeshifter) (Depths:1)
  An orange demon (Depths:1)
  6 torpor snails
  2 guardian serpents
  2 gargoyles
  3 human zombies (Vaults:1)
  2 rime drakes (shapeshifter)
  4 demonic crawlers
  12 komodo dragons
  18 cane toads
  A yaktaur zombie (Vaults:4)
  4 kobold demonologists
  5 freezing wraiths
  35 yaktaurs
  4 tengu conjurers
  2 ice devils (Depths:1)
  2 hellwings (Depths:1)
  2 red devils (Depths:2)
  17 trolls
  16 meliai
  3 polar bears
  A bloated husk (Swamp:3)
  A troll (shapeshifter) (D:15)
  7 tyrant leeches
  A tengu simulacrum (Vaults:4)
  7 hornets
  39 slime creatures
  Prince Ribbit (D:8)
  26 tarantellas
  A wind drake (Spider:4)
  6 dream sheep
  19 blink frogs
  A spriggan zombie (Depths:1)
  A flying skull (Vaults:2)
  A slime creature (shapeshifter) (D:15)
  2 shadows (D:9)
  A ynoxinul (Depths:1)
  20 culicivoras
  21 jumping spiders
  5 wyverns
  13 water elementals
  11 yaks (Lair:6)
  2 wraiths (D:12)
  2 humans (Lair:4)
  6 basilisks
  4 dancing weapons
  A hog (Lair:4)
  10 fire bats
  A steam dragon (D:9)
  37 redbacks
  A human simulacrum (Vaults:4)
  A golden eye (shapeshifter) (Vaults:1)
  2 neqoxecs (Depths:1)
  A vampire mosquito (D:12)
  8 wargs
  10 swamp worms
  3 acid dragons
  11 nameless horrors
  13 water moccasins
  A floating eye (Depths:3)
  3 hell hounds
  4 ice beasts (D:6)
  7 swamp drakes
  29 orc warriors
  2 sky beasts
  6 black bears
  9 ogres
  4 necrophages
  22 wolves
  10 centaurs
  A lemure (D:8)
  14 kobold brigands
  6 bullfrogs
  3 scorpions
  2 water moccasin zombies
  12 killer bees
  10 electric eels
  2 centaur zombies
  2 wyvern simulacra (D:6)
  26 orc priests
  8 jellies (Lair:6)
  3 centaur skeletons
  A gnoll shaman (D:9)
  A hound (D:6)
  2 bullfrog skeletons
  Jessica (D:1)
  4 iguanas
  30 orc wizards
  A bullfrog simulacrum (D:6)
  A centaur simulacrum (D:6)
  A killer bee simulacrum (D:6)
  13 adders
  11 gnolls
  2 shadow imps
  A white imp (D:6)
  An ufetubus (D:3)
  3 worms
  A dart slug (D:3)
  80 orcs
  5 bats
  4 endoplasms
  7 giant cockroaches
  10 goblins
  6 hobgoblins
  2 jackals (D:2)
  5 quokkas
  8 ball pythons
  A frilled lizard (D:2)
  20 kobolds
  5 rats
  5 bushes (Lair:1)
1374 creatures vanquished.

Vanquished Creatures (collateral kills)
  2 caustic shrikes (Depths:2)
  Nikola (Vaults:2)
  A walking crystal tome (Depths:3)
  An ancient champion (Vaults:2)
  A sphinx (D:14)
  A tengu reaver (Vaults:4)
  2 thorn hunters (Swamp:4)
  2 fire giants
  A vault warden (Vaults:2)
  A frost giant (Depths:3)
  An emperor scorpion (Vaults:3)
  2 ghost moths (Spider:4)
  An iron dragon (Depths:3)
  2 ironbound preservers (Vaults:1)
  A stone giant (Depths:2)
  A spriggan defender (Depths:3)
  A vampire knight (Depths:3)
  An eleionoma (Swamp:4)
  An entropy weaver (Spider:4)
  A green death (Vaults:1)
  An ettin (Depths:3)
  10 hydras
  A boulder beetle (D:12)
  2 yaktaur captains (Vaults:2)
  A jorogumo (Spider:4)
  An ice dragon (Depths:3)
  2 ogre magi
  5 two-headed ogres
  A death knight (D:14)
  2 tengu warriors
  A hell knight (Depths:3)
  A deep troll (Vaults:1)
  An orb spider (Spider:4)
  A swamp dragon (Swamp:4)
  A steelbarb worm (Spider:4)
  2 wizards
  An ironbound convoker (Vaults:4)
  A necromancer (Vaults:4)
  A deep elf zephyrmancer (D:11)
  An orc sorcerer (Orc:1)
  2 ugly things (D:15)
  A cyclops (D:14)
  A moth of wrath (Spider:2)
  A salamander (Volcano)
  A vault sentinel (Vaults:2)
  2 black mambas
  A torpor snail (Spider:3)
  A kobold demonologist (D:12)
  Maggie (D:8)
  5 yaktaurs
  A rime drake (Lair:5)
  3 tengu conjurers
  2 komodo dragons (Lair:1)
  A tyrant leech (Swamp:1)
  5 blink frogs
  3 slime creatures
  Sigmund (D:2)
  A jumping spider (Spider:2)
  A culicivora (Spider:2)
  A spriggan (Swamp:2)
  2 basilisks
  2 redbacks (Spider:4)
  3 swamp worms
  2 water moccasins
  6 orc warriors
  2 swamp drakes (Swamp:4)
  An ice beast (D:5)
  A black bear (Lair:2)
  4 ogres
  A centaur (Volcano)
  A bullfrog (Lair:1)
  An orc priest (Orc:2)
  4 jellies (Lair:6)
  3 orc wizards
  2 gnolls
  9 orcs
  A hobgoblin (D:9)
142 creatures vanquished.

Vanquished Creatures (others)
  5 hydras
  A death yak (Lair:6)
  A two-headed ogre (Volcano)
  A skeletal warrior (D:13)
  A spriggan druid (Swamp:3)
  A deep troll (Vaults:1)
  A wizard (D:14)
  2 cyclopes
  2 elephants
  A kobold demonologist (D:11)
  A cane toad (Lair:1)
  A rime drake (Lair:5)
  3 komodo dragons
  A troll (Orc:2)
  3 hornets
  2 slime creatures (D:12)
  A blink frog (Lair:3)
  A jumping spider (Spider:4)
  A centaur simulacrum (D:14)
  A shadow (D:12)
  4 culicivoras (Lair:4)
  4 spriggans
  33 dancing weapons
  An orc warrior (Orc:2)
  An ogre (Orc:2)
  4 centaurs
  A bullfrog (Lair:4)
  A killer bee (D:8)
  An orc wizard (Orc:2)
  2 gnolls (D:9)
  A kobold (D:8)
  2 bushes (Lair:1)
  18 foxfires
  48 fungi
  85 plants
237 creatures vanquished.

Grand Total: 1753 creatures vanquished

Table legend: (Time is in decaauts)
 A = Elapsed time spent in this place.
 B = Non-inter-level travel time spent in this place.
 C = Inter-level travel time spent in this place.
 D = Time resting spent in this place.
 E = Time spent auto-exploring this place.
 F = Levels seen in this place.
 G = Mean time per level.
                   A        B        C        D        E       F      G
               +--------+--------+--------+--------+--------+-----+--------+
         Total |  78345 |  74201 |   4144 |  18127 |  37934 |  41 | 1910.9 |
       Dungeon |  30937 |  29179 |   1758 |   7878 |  14828 |  15 | 2062.5 |
        Temple |    212 |    175 |     37 |      0 |    172 |   1 |  212.0 |
          Lair |  10602 |   9757 |    845 |   2244 |   5075 |   6 | 1767.0 |
         Swamp |   3192 |   3071 |    121 |    486 |   1667 |   4 |  798.0 |
   Spider Nest |  11090 |  10458 |    632 |   2925 |   4765 |   4 | 2772.5 |
  Orcish Mines |   4734 |   4476 |    258 |   1026 |   2403 |   2 | 2367.0 |
        Vaults |   9595 |   9298 |    297 |   1544 |   5432 |   4 | 2398.8 |
        Depths |   5929 |   5736 |    193 |   1297 |   2884 |   3 | 1976.3 |
       Volcano |    674 |    674 |      0 |    297 |     32 |   1 |  674.0 |
      Gauntlet |   1375 |   1375 |      0 |    428 |    674 |   1 | 1375.0 |
               +--------+--------+--------+--------+--------+-----+--------+

Top non-repeatable levels by time:
Spider:4: 4155 daAuts
   Orc:2: 3336 daAuts
Vaults:1: 3189 daAuts
     D:1: 2937 daAuts
    D:12: 2828 daAuts
    D:14: 2828 daAuts
     D:6: 2770 daAuts
  Lair:4: 2673 daAuts
  Lair:6: 2645 daAuts
Spider:3: 2638 daAuts
Depths:3: 2564 daAuts
     D:9: 2340 daAuts
Spider:2: 2311 daAuts
Vaults:2: 2271 daAuts
Vaults:3: 2177 daAuts

Table legend:
 A = Non-vault XP
 B = Vault XP
 C = Vault XP percentage of total XP
 D = Non-vault monster count
 E = Vault monster count
 F = Vault count percentage of total count
                 A         B        C        D         E       F
            +---------+---------+-------+---------+---------+-------
      Total |  374236 |  278026 |  42.6 |    1023 |     526 |  34.0
            +---------+---------+-------+---------+---------+-------
        D:1 |      58 |      37 |  38.9 |      17 |       1 |   5.6
        D:2 |     117 |     242 |  67.4 |      21 |       1 |   4.5
        D:3 |      75 |       3 |   3.8 |      16 |       2 |  11.1
        D:4 |     692 |      44 |   6.0 |      21 |       3 |  12.5
        D:5 |     950 |       0 |   0.0 |      19 |       0 |   0.0
        D:6 |     937 |    1217 |  56.5 |      16 |      11 |  40.7
        D:7 |    1332 |    1228 |  48.0 |      34 |       2 |   5.6
        D:8 |     910 |     669 |  42.4 |      20 |       2 |   9.1
        D:9 |    1768 |    1000 |  36.1 |      19 |      10 |  34.5
       D:10 |    3806 |     945 |  19.9 |      25 |       2 |   7.4
       D:11 |    3337 |    8043 |  70.7 |      16 |      25 |  61.0
       D:12 |   10183 |    7946 |  43.8 |      32 |      17 |  34.7
       D:13 |    7366 |       0 |   0.0 |      20 |       0 |   0.0
       D:14 |   10845 |   23159 |  68.1 |      22 |      36 |  62.1
       D:15 |   20471 |    3582 |  14.9 |      43 |       6 |  12.2
     Lair:1 |    5017 |    2045 |  29.0 |      20 |       6 |  23.1
     Lair:2 |    4335 |    3432 |  44.2 |      14 |      11 |  44.0
     Lair:3 |    4886 |       0 |   0.0 |      16 |       0 |   0.0
     Lair:4 |    6910 |    1786 |  20.5 |      26 |       7 |  21.2
     Lair:5 |    4071 |    3061 |  42.9 |      11 |       7 |  38.9
     Lair:6 |   15679 |    4883 |  23.7 |      45 |      27 |  37.5
    Swamp:1 |   12627 |       0 |   0.0 |      21 |       0 |   0.0
    Swamp:2 |    6449 |     517 |   7.4 |      15 |       1 |   6.2
    Swamp:3 |    8903 |       0 |   0.0 |      19 |       0 |   0.0
    Swamp:4 |   10116 |   16885 |  62.5 |      17 |      26 |  60.5
   Spider:1 |   11055 |       0 |   0.0 |      25 |       0 |   0.0
   Spider:2 |   16196 |    3549 |  18.0 |      41 |       7 |  14.6
   Spider:3 |   10065 |     215 |   2.1 |      32 |       1 |   3.0
   Spider:4 |   22253 |   24645 |  52.6 |      51 |      43 |  45.7
      Orc:1 |    3443 |       0 |   0.0 |      49 |       0 |   0.0
      Orc:2 |    7135 |    7543 |  51.4 |      56 |      46 |  45.1
   Vaults:1 |   36811 |   28464 |  43.6 |      58 |      40 |  40.8
   Vaults:2 |   10229 |   36430 |  78.1 |      15 |      49 |  76.6
   Vaults:3 |   28159 |    8000 |  22.1 |      37 |      12 |  24.5
   Vaults:4 |   19927 |   20852 |  51.1 |      33 |      30 |  47.6
   Depths:1 |   23480 |   12125 |  34.1 |      29 |      18 |  38.3
   Depths:2 |   17558 |   12058 |  40.7 |      14 |      14 |  50.0
   Depths:3 |   26085 |   33150 |  56.0 |      38 |      37 |  49.3
    Volcano |       0 |    4141 | 100.0 |       0 |      10 | 100.0
   Gauntlet |       0 |    6130 | 100.0 |       0 |      16 | 100.0
            +---------+---------+-------+---------+---------+-------
